 Dungeon Crawl Stone Soup version 0.28.0-45-g0d030f2227 (webtiles) character file.

Game seed: 15076178939052147410

94 MeArio the Shield-Bearer (level 4, -1/41 HPs)
             Began as a Minotaur Fighter on Apr 13, 2022.
             Slain by a gnoll
             ... wielding a +0 spear
              (4 damage)
             ... on level 2 of the Dungeon.
             The game lasted 00:05:38 (1538 turns).

MeArio the Shield-Bearer (Minotaur Fighter)         Turns: 1538, Time: 00:05:39

Health: -1/41      AC: 12    Str: 23    XL:     4   Next: 38%
Magic:  3/3        EV:  7    Int:  5    God:
Gold:   16         SH:  4    Dex:  9    Spells: 3/3 levels left

rFire   . . .      SeeInvis .   a - +0 long sword
rCold   + . .      Faith    .   c - +0 buckler
rNeg    . . .      Spirit   .   n - +2 chain mail {rC+}
rPois   .          Reflect  .   (helmet restricted)
rElec   .          Harm     .   (no cloak)
rCorr   .          Rampage  .   h - +0 pair of gloves
Will    .....                   (no boots)
Stlth   ..........              (no amulet)
HPRegen 0.13/turn               (no ring)
MPRegen 0.08/turn               (no ring)

@: mighty
A: horns 2, retaliatory headbutt
a: no special abilities


You were on level 2 of the Dungeon.
You visited 1 branch of the dungeon, and saw 2 of its levels.

You collected 16 gold pieces.

Inventory:

Hand Weapons
 a - a +0 long sword (weapon)
Armour
 b - a +0 scale mail
 c - a +0 buckler (worn)
 h - a +0 pair of gloves (worn)
 n - a +2 chain mail of cold resistance (worn)
Scrolls
 e - a scroll of magic mapping {unknown}
 f - a scroll of amnesia {unknown}
 g - a scroll of fog {unknown}
 i - a scroll of fear {unknown}
 j - a scroll of immolation {unknown}
 l - a scroll of teleportation {unknown}
Potions
 k - 3 potions of curing {unknown}
 m - a potion of brilliance {unknown}


   Skills:
 + Level 4.4 Fighting
 + Level 3.4 Long Blades
 + Level 4.4 Armour
 + Level 4.4 Shields


You had 3 spell levels left.
You didn't know any spells.
Your spell library was empty.

Dungeon Overview and Level Annotations

Branches:
Dungeon (2/15)

Altars:


Innate Abilities, Weirdness & Mutations

You have a pair of horns on your head.
You reflexively headbutt those who attack you in melee.


Message History

3 gnolls come into view.
The gnoll shouts! x3; You hear an angry hiss.
The gnoll hits you from afar with a +0 spear.
The gnoll hits you but does no damage. The gnoll hits you with a +0 spear.
A ball python comes into view.
The gnoll hits you from afar with a +0 spear!
You closely miss the gnoll.
The ball python hisses angrily.
The gnoll hits you with a +0 spear.
The gnoll hits you from afar with a +0 spear!
You barely miss the gnoll.
The gnoll hits you but does no damage. x2
The gnoll hits you from afar with a +0 spear.
* * * LOW HITPOINT WARNING * * *
You feel very mighty all of a sudden. The gnoll hits you but does no damage.
The gnoll closely misses you.
You completely miss the gnoll.
The gnoll hits you but does no damage. x2
The gnoll hits you with a +0 club.
* * * LOW HITPOINT WARNING * * *
You block the gnoll's attack. The gnoll barely misses you.
You slash the gnoll! You headbutt the gnoll.
You kill the gnoll!
The gnoll hits you but does no damage. x2
The gnoll barely misses you. The gnoll hits you but does no damage.
The gnoll closely misses you. The gnoll barely misses you.
You slash the gnoll! Your headbutt misses the gnoll.
The gnoll is almost dead.
The gnoll hits you from afar with a +0 spear!
* * * LOW HITPOINT WARNING * * *
You block the gnoll's attack.
You closely miss the gnoll.
The gnoll is almost dead.
The gnoll hits you from afar with a +0 spear.
* * * LOW HITPOINT WARNING * * *
The gnoll barely misses you. x2
You slash the gnoll!
You kill the gnoll!
The gnoll hits you from afar with a +0 spear.
You die...

##.# #######..#
...S.....# #.#S#
#.######### #.#.#
#.........#######.#.#
#g.............#
#S##.S#.>#########
#@##..#..######...
#.##.....#........
#.###.#.##.####...
#.##....##.##.....
#.......##.##.#...
####...###.##.#...
#...# #.......# #...#
###......
#####...###.......)


You could see a gnoll and a ball python.

Vanquished Creatures
  An adder (D:2)
  5 gnolls (D:2)
  3 dart slugs
  3 ball pythons
  5 bats
  An endoplasm (D:1)
  3 giant cockroaches (D:1)
  2 goblins (D:2)
  8 hobgoblins
  A quokka (D:1)
  3 frilled lizards (D:1)
  4 kobolds
39 creatures vanquished.

Notes
Turn   | Place    | Note
-------+----------+-------------------------------------------
     0 | D:1      | MeArio the Minotaur Fighter began the quest for the Orb.
     0 | D:1      | Reached XP level 1. HP: 19/19 MP: 0/0
   216 | D:1      | Reached XP level 2. HP: 22/27 MP: 1/1
   885 | D:1      | Reached XP level 3. HP: 33/33 MP: 2/2
  1227 | D:2      | Reached XP level 4. HP: 23/40 MP: 3/3
  1538 | D:2      | Slain by a gnoll

Illustrated notes

Levels and vault maps discovered:
D:1:      tarquinn_simple_flora_water_d, layout_basic, minmay_door_square
D:2:      layout_loops_cross, serial_shops, shop

Skill      XL: |  1  2 |
---------------+-------+-----
Shields        | 4 |  4.4
Armour         | 4 |  4.4
Fighting       | 4 |  4.4
Long Blades    | 3 |  3.4

Action                   |  1- 3 |  4- 6 || total
-------------------------+-------+-------++-------
Melee: Long sword        |    94 |    17 ||   111
       Headbutt          |    16 |     1 ||    17
  Use: Potion            |       |     1 ||     1
Armor: Scale mail        |    66 |     6 ||    72
       Chain mail        |       |     9 ||     9
Dodge: Dodged            |    43 |    14 ||    57
Block: Buckler           |    24 |     2 ||    26
